 Dungeon Crawl Stone Soup version 0.23.2 (webtiles) character file.

Game seed: 3049660900315073342

928 Revguard the Slasher (level 7, -12/59 HPs)
             Began as a Purple Draconian Gladiator on Mar 31, 2019.
             Was a Believer of Vehumet.
             Killed themself with a badly aimed fireball (15 damage)
             ... on level 5 of the Dungeon on Apr 1, 2019.
             The game lasted 00:25:03 (5120 turns).

Revguard the Slasher (Purple Draconian Gladiator)   Turns: 5120, Time: 00:25:03

Health: -12/59     AC:  0    Str: 17    XL:     7   Next: 85%
Magic:  12/12      EV: 17    Int:  9    God:    Vehumet [**....]
Gold:   264        SH:  0    Dex: 13    Spells: 11/12 levels left

rFire    . . .     SeeInvis .   (weapon currently unavailable)
rCold    . . .     Gourm    .   (shield currently unavailable)
rNeg     . . .     Faith    .   (armour unavailable)
rPois    .         Spirit   .   (helmet currently unavailable)
rElec    .         Reflect  .   (cloak currently unavailable)
rCorr    .         Harm     .   (gloves currently unavailable)
MR       +....                  (boots currently unavailable)
Stlth    +.........             (no amulet)
HPRegen  0.19/turn              (ring currently unavailable)
MPRegen  0.13/turn              (ring currently unavailable)

@: pig-form (expiring), very quick
A: small, (breathe power), unfitting armour, AC +6
a: Renounce Religion


You were on level 5 of the Dungeon.
You worshipped Vehumet.
Vehumet was pleased with you.
You were not hungry.
You were a filthy swine.
You visited 1 branch of the dungeon, and saw 5 of its levels.

You collected 264 gold pieces.

Inventory:

Hand Weapons
 a - a +0 long sword (melded)
Missiles
 c - 3 throwing nets
 e - 10 tomahawks (quivered)
 m - 7 needles of sleeping
Armour
 b - a +0 hat (melded)
 g - a +0 pair of boots (melded)
 i - a +0 cloak (melded)
Jewellery
 f - an uncursed amulet of harm
 h - a ring of magical power (melded)
 l - a +2 ring of evasion
 q - an uncursed ring of fire
 y - a +6 ring of intelligence (melded)
Wands
 w - a wand of random effects (14)
Scrolls
 j - 2 scrolls of identify
 n - a scroll of teleportation {unknown}
 o - a scroll of amnesia {unknown}
 r - 2 scrolls of remove curse
 s - a scroll of enchant weapon {unknown}
 t - a scroll of immolation
 u - a scroll of fog {unknown}
 v - a scroll of noise {unknown}
Comestibles
 d - 7 rations
 k - a chunk of flesh


   Skills:
 + Level 4.2 Fighting
 + Level 6.7 Long Blades
 - Level 1.7 Throwing
 + Level 4.8 Dodging
 * Level 3.4 Spellcasting
 + Level 1.0 Ice Magic


You had 11 spell levels left.
You knew the following spells:

 Your Spells              Type           Power        Failure   Level  Hunger
a - Freeze                Ice            #...         19%         1    #......
Your spell library was empty.

Dungeon Overview and Level Annotations

Branches:
Dungeon (5/15)
 Temple: D:4-7

Altars:
Dithmenos
Vehumet
The Shining One

Annotations:
D:5 Pikel


Innate Abilities, Weirdness & Mutations

((You can breathe bolts of dispelling energy.))
((Your rich purple scales are hard. (AC +6)))
You cannot fit into any form of body armour.
((You are cold-blooded and may be slowed by cold attacks.))


Message History

Press: ? - help, Shift-Dir - straight line, f/p - Pikel
Aim: Pikel, wielding a +0 whip of flaming, wearing a +0 robe and carrying a wand of polymorph (5) (heavily wounded) Pikel twists and deforms.
Your transformation is almost over.
Pikel closely misses you.
Some of the chunks of flesh in your inventory have rotted away.
Evoke which item? (* to show all) (? for menu, Esc to quit)
Aiming: Random Effects
Press: ? - help, Shift-Dir - straight line, f/p - Pikel
Aim: Pikel, wielding a +0 whip of flaming, wearing a +0 robe and carrying a wand of polymorph (5) (heavily wounded, misshapen and mutated)
The fireball explodes!
The fireball engulfs Pikel!
Pikel is severely wounded.
The fireball engulfs the slave!
The slave is moderately wounded.
The fireball engulfs the slave!
The slave is heavily wounded.
The fireball engulfs the slave!
The slave is moderately wounded.
The fireball engulfs you!
You die...

**,,,,****,,,,**
,,,,,****,,,,,*
.....###....***
...........#*
..........#*
.........#*
.......[#* ###
.....)..## ##.#
.........###
###h##
..<<..)...<###pK##
......#......ppp#
....#######....##
...## ###### ...##
....# ...)##
##...##


You could see Pikel and 4 slaves.

Vanquished Creatures
  Eustachio (D:4)
  2 ogres (D:5)
  2 scorpions (D:5)
  2 howler monkeys
  2 hounds (D:4)
  2 orc wizards (D:4)
  A bullfrog skeleton (D:4)
  Ijyb (D:4)
  3 worker ants
  A killer bee zombie (D:5)
  A worker ant zombie (D:5)
  8 adders
  2 oozes
  An adder skeleton (D:4)
  2 worms
  2 dart slugs
  3 leopard geckos
  3 orcs (D:4)
  6 giant cockroaches
  10 goblins
  10 hobgoblins
  9 jackals
  2 quokkas (D:3)
  2 ball pythons
  5 bats
  3 frilled lizards
  13 kobolds
  8 rats
107 creatures vanquished.

Notes
Turn   | Place    | Note
-------+----------+-------------------------------------------
     0 | D:1      | Revguard the Draconian Gladiator began the quest for the
                  | Orb.
     0 | D:1      | Reached XP level 1. HP: 17/17 MP: 1/1
    62 | D:1      | Reached XP level 2. HP: 24/24 MP: 2/2
    63 | D:1      | Upgraded the game from 0.23.1-44-gbd83930989 to 0.23.2
   385 | D:1      | Reached XP level 3. HP: 30/30 MP: 3/3
  1132 | D:2      | Reached skill level 4 in Long Blades
  1330 | D:2      | Reached XP level 4. HP: 29/37 MP: 4/4
  2157 | D:3      | Found a glowing golden altar of the Shining One.
  2210 | D:3      | Found a faded altar of an unknown god.
  2247 | D:3      | Became a worshipper of Vehumet
  2247 | D:3      | Reached * piety under Vehumet
  2247 | D:3      | Offered knowledge of Freeze by Vehumet.
  2273 | D:3      | Reached XP level 5. HP: 17/44 MP: 5/5
  2276 | D:3      | Learned a level 1 spell: Freeze
  2549 | D:3      | Found a shadowy altar of Dithmenos.
  3169 | D:4      | Reached skill level 5 in Long Blades
  3418 | D:4      | Noticed Eustachio
  3843 | D:4      | Reached skill level 1 in Spellcasting
  3920 | D:4      | Killed Eustachio
  3920 | D:4      | Reached XP level 6. HP: 25/51 MP: 8/8
  4294 | D:4      | Noticed Ijyb
  4314 | D:4      | Killed Ijyb
  4383 | D:4      | Your scales start taking on a rich purple colour.
  4383 | D:4      | Reached XP level 7. HP: 38/58 MP: 10/10
  4719 | D:5      | Entered Level 5 of the Dungeon
  4903 | D:5      | Reached skill level 6 in Long Blades
  4903 | D:5      | Reached skill level 1 in Ice Magic
  5023 | D:5      | Reached ** piety under Vehumet
  5023 | D:5      | Offered knowledge of Flame Tongue by Vehumet.
  5102 | D:5      | Noticed Pikel
  5116 | D:5      | HP: 2/59 [Pikel/+0 whip of flaming (1)]
  5120 | D:5      | Killed themself with a badly aimed fireball

Skill      XL: |  1  2  3  4  5  6  7 |
---------------+----------------------+-----
Dodging        | 3 4 |  4.8
Long Blades    | 4 5 6 |  6.7
Fighting       | 3 4 |  4.2
Spellcasting   | 1 2 3 |  3.4
Ice Magic      | 1 |  1.0
Throwing       | |  1.7

Action                   |  1- 3 |  4- 6 |  7- 9 || total
-------------------------+-------+-------+-------++-------
Melee: Long sword        |   106 |   271 |    50 ||   427
       Tailslap          |    16 |    32 |     8 ||    56
       Unarmed           |       |       |     8 ||     8
Throw: Tomahawk          |       |    12 |       ||    12
 Cast: Freeze            |       |     9 |     3 ||    12
Evoke: Wand              |       |       |     4 ||     4
  Use: Potion            |     4 |     3 |     3 ||    10
       Scroll            |       |     7 |     3 ||    10
 Stab: Sleeping          |       |     1 |       ||     1
  Eat: Chunk             |     2 |    10 |     3 ||    15
Armor: Skin              |    32 |   169 |    33 ||   234
Dodge: Dodged            |    92 |   338 |    56 ||   486
       Rpst.: Long sword |    29 |    99 |    19 ||   147
